 Dungeon Crawl Stone Soup version 0.30-a0-292-g0f741e3f8e (webtiles) character file.

Game seed: 5301945927617635049

1880 lampshaded the Cudgeller (level 8, -8/70 HPs)
             Began as an Armataur Fighter on Oct 17, 2022.
             Was a Believer of Okawaru.
             Mangled by a red ugly thing (17 damage)
             ... on level 6 of the Dungeon.
             The game lasted 00:09:08 (5434 turns).

lampshaded the Cudgeller (Armataur Fighter)         Turns: 5434, Time: 00:09:08

Health: -8/70      AC: 12    Str: 23    XL:     8   Next: 91%
Magic:  8/10       EV: 11    Int:  9    God:    Okawaru [**....]
Gold:   297        SH:  6    Dex: 10    Spells: 7/7 levels left

rFire   . . .      SeeInvis .    v - +0 morningstar
rCold   . . .      Faith    .    c - +0 buckler
rNeg    . . .      Spirit   .    x - +0 chain mail
rPois   +          Reflect  .    (no helmet)
rElec   .          Harm     .    p - +0 cloak
rCorr   .          Roll     +    (no gloves)
Will    .....                    (no barding)
Stlth   +.........               (no amulet)
HPRegen 0.31/turn                g - ring of poison resistance
MPRegen 0.12/turn                u - +4 ring of evasion

@: heroic
A: large, rugged brown scales 3, deformed body, armoured tail, roll, long
tongue, awkward tongue
a: Renounce Religion, Heroism


You were on level 6 of the Dungeon.
You worshipped Okawaru.
Okawaru was pleased with you.
You visited 2 branches of the dungeon, and saw 7 of its levels.
You also visited: Sewer.

You collected 297 gold pieces.

Inventory:

Hand Weapons
 v - a +0 morningstar (weapon)
Armour
 c - a +0 buckler (worn)
 p - a +0 cloak (worn)
 x - a +0 chain mail (worn)
Jewellery
 g - a ring of poison resistance (left hand)
 u - a +4 ring of evasion (right hand)
Wands
 z - a wand of mindburst (20)
Scrolls
 a - 2 scrolls of brand weapon {unknown}
 b - a scroll of vulnerability {unknown}
 f - a scroll of blinking {unknown}
 h - 9 scrolls of identify {unknown}
 i - a scroll of fear {unknown}
 k - 3 scrolls of poison {unknown}
 o - 2 scrolls of magic mapping {unknown}
 s - a scroll of amnesia {unknown}
 t - 3 scrolls of teleportation {unknown}
 y - a scroll of enchant armour {unknown}
 B - a scroll of immolation {unknown}
 D - a scroll of noise {unknown}
Potions
 d - 3 potions of might
 e - a potion of brilliance {unknown}
 j - a potion of mutation {unknown}
 l - a potion of degeneration {unknown}
 m - 3 potions of curing {unknown}
 n - a potion of resistance {unknown}
 q - a potion of magic {unknown}
 r - 2 potions of attraction {unknown}
 w - a potion of flight {unknown}
 A - 2 potions of heal wounds {unknown}
 C - a potion of lignification {unknown}


   Skills:
 - Level 4.0(9.0) Fighting
 * Level 7.9(12.9) Maces & Flails
 + Level 5.5(10.5) Armour
 - Level 1.0(6.0) Dodging
 - Level 4.0(9.0) Stealth
 + Level 5.0(10.0) Shields
 + Level 3.2 Invocations


You had 7 spell levels left.
You didn't know any spells.
Your spell library contained the following spells:

 Spells                   Type           Power      Damage    Failure   Level
 Cigotuvi's Dreadful Rot  Necr/Pois/Air  0%         N/A       98%         2
 Poisonous Vapours        Pois/Air       0%         N/A       98%         2
 Mephitic Cloud           Conj/Pois/Air  0%         N/A       100%        3


Dungeon Overview and Level Annotations

Branches:
Dungeon (6/15)             Temple (1/1) D:4           Sewer (visited)

Altars:
Cheibriados
Dithmenos
Fedhas
Gozag
Hepliaklqana
Kikubaaqudgha
Makhleb
Nemelex Xobeh
Okawaru
Qazlal
Ru
Sif Muna
Trog
Uskayaw
Vehumet
Wu Jian
Xom
Yredelemnul
Zin

Annotations:
D:4 1 runed translucent door, Darkkill's ghost, novice GrMo


Innate Abilities, Weirdness & Mutations

You are completely covered in rugged brown scales. (AC +3, +7% HP)
Armour fits poorly on your strangely shaped body.
You have a long armoured tail.
You roll when moving toward enemies. (Rampage)
Your long tongue fully drains potion bottles. (2x potion effects)
Your tongue gives you trouble enunciating. (1.5x scroll delay)


Message History

Okawaru accepts your kill.
Your Stealth skill increases to level 4!
Things that are here:
a +0 giant spiked club; an ogre corpse
D - a scroll labelled QIUVVISUIT You open the door.
There is an open door here.
A white imp comes into view.
The white imp shouts!
A white imp is nearby!
You roll towards the white imp!
You bludgeon the white imp!!
You kill the white imp!
Okawaru accepts your kill.
You now have 297 gold pieces (gained 7).
A - 2 fuming puce potions (gained 1)
A red ugly thing comes into view.
The red ugly thing gurgles horribly!
A red ugly thing is nearby!
Found a runed hand axe.
A wyvern comes into view.
You block the red ugly thing's attack.
The wyvern hisses angrily.
You gain the combat prowess of a mighty hero.
The red ugly thing gores you!
You are engulfed in flames!!
You hit the red ugly thing.
Your tail-slap misses the red ugly thing.
The red ugly thing is lightly wounded.
The red ugly thing gores you.
You are engulfed in flames!!
* * * LOW HITPOINT WARNING * * *
You puncture the red ugly thing!
The red ugly thing is lightly wounded.
The red ugly thing completely misses you.
You barely miss the red ugly thing. You tail-slap the red ugly thing.
The red ugly thing is moderately wounded.
You barely miss the red ugly thing. You tail-slap the red ugly thing.
The red ugly thing is moderately wounded.
The red ugly thing gores you!
* * * LOW HITPOINT WARNING * * *
You are engulfed in flames!
You die...

####### #.....#####
########.#.......#
##)#@#.#..#.......#
#..u#.###.#.......#
#.####.#..#.......###
# #.###.#.......#..
##.#..#.......#.#
##.#.#.......#.#
###.#.......#.#
..#.##.####.#
..##.....###..


You could see a red ugly thing.

Vanquished Creatures
  A water moccasin (Sewer)
  A black bear (D:4)
  2 ogres
  2 phantoms
  2 necrophages
  A bullfrog (D:6)
  5 scorpions
  5 wights (D:5)
  A howler monkey (D:5)
  An orc priest (D:4)
  3 hounds
  5 iguanas
  5 orc wizards
  8 adders
  4 gnolls (D:4)
  A shadow imp (D:5)
  3 white imps (D:6)
  An ufetubus (D:6)
  3 worms
  4 dart slugs
  12 orcs
  6 ball pythons
  8 endoplasms
  2 giant cockroaches
  4 goblins
  4 hobgoblins
  11 jackals
  A quokka (D:1)
  5 bats
  A frilled lizard (D:3)
  3 kobolds
  4 rats (D:1)
119 creatures vanquished.

Vanquished Creatures (others)
  A plant (D:4)
1 creature vanquished.

Grand Total: 120 creatures vanquished

Notes
Turn   | Place    | Note
-------+----------+-------------------------------------------
     0 | D:1      | lampshaded the Armataur Fighter began the quest for the
                  | Orb.
     0 | D:1      | Reached XP level 1. HP: 19/19 MP: 1/1
    70 | D:1      | Reached skill level 2 in Maces & Flails
    80 | D:1      | Reached XP level 2. HP: 21/26 MP: 2/2
   332 | D:1      | Reached skill level 3 in Maces & Flails
   659 | D:2      | Reached XP level 3. HP: 32/32 MP: 3/3
   792 | D:2      | Found a faded altar of an unknown god.
  1178 | D:2      | Reached XP level 4. HP: 39/39 MP: 4/4
  1267 | D:2      | Reached skill level 4 in Maces & Flails
  1874 | D:3      | Noticed a necrophage
  1883 | D:3      | Killed a necrophage
  1884 | D:3      | Reached skill level 5 in Maces & Flails
  1884 | D:3      | Reached XP level 5. HP: 40/44 MP: 5/5
  1990 | D:4      | Noticed an ogre
  1993 | D:4      | Killed an ogre
  1994 | D:4      | Reached XP level 6. HP: 13/53 MP: 6/6
  2174 | D:4      | Reached skill level 6 in Maces & Flails
  2406 | D:4      | Found a staircase to the Ecumenical Temple.
  2421 | Temple   | Entered the Ecumenical Temple
  2720 | Temple   | Became a worshipper of Warmaster Okawaru
  3044 | D:4      | Reached skill level 1 in Stealth
  3044 | D:4      | Reached XP level 7. HP: 58/59 MP: 7/7
  3192 | D:4      | Reached skill level 1 in Invocations
  3400 | D:4      | Noticed Darkkill's ghost (novice GrMo)
  3401 | D:4      | Found a runed translucent door.
  3569 | D:5      | Entered Level 5 of the Dungeon
  3629 | D:5      | Reached skill level 1 in Dodging
  3802 | D:5      | Reached * piety under Okawaru
  3822 | D:5      | Found a snail-covered altar of Cheibriados.
  3826 | D:5      | Reached skill level 7 in Maces & Flails
  3838 | D:5      | Reached XP level 8. HP: 20/67 MP: 9/9
  3838 | D:5      | Found a hazy altar of Hepliaklqana.
  4145 | D:5      | Reached ** piety under Okawaru
  4572 | D:6      | Reached skill level 5 in Armour
  4699 | D:6      | Found a glowing drain.
  4717 | Sewer    | Entered a sewer
  5204 | D:6      | Reached skill level 5 in Shields
  5427 | D:6      | Noticed a red ugly thing
  5434 | D:6      | Mangled by a red ugly thing

Illustrated notes

Levels and vault maps discovered:
D:1:      dpeg_arrival_three_bigger_balls, layout_loops_ring, feat_on_display
D:2:      layout_basic, shapermc_ecumenical_altar_mp_vishouse
D:3:      layout_basic
D:4:      layout_loops_ring, minmay_temple_entry_gardened_gates,
          gammafunk_ghost_grave, hex_tiny
D:5:      layout_basic, grunt_temple_overflow_open
D:6:      layout_basic, cheibrodos_sewer_entry_sluice, minmay_small_thing
Temple:   minmay_temple_bridge_d

Skill      XL: |  1  2  3  4  5  6  7  8 |
---------------+-------------------------+-----
Maces & Flails | 2 3 5 6 7 |  7.9
Stealth        | 1 2 4 |  4.0
Invocations    | 2 3 |  3.2
Armour         | 4 5 |  5.5
Fighting       | 3 4 |  4.0
Dodging        | 1 |  1.0
Shields        | 4 5 |  5.0

Action                   |  1- 3 |  4- 6 |  7- 9 || total
-------------------------+-------+-------+-------++-------
Melee: Flail             |    92 |   106 |    87 ||   285
       Tailslap          |     9 |     8 |    20 ||    37
       Morningstar       |       |       |   141 ||   141
Invok: Heroism           |       |       |     1 ||     1
  Use: Potion            |       |     1 |       ||     1
Armor: Scale mail        |    39 |    43 |    59 ||   141
       Chain mail        |       |       |    59 ||    59
Dodge: Dodged            |    35 |    31 |    71 ||   137
Block: Buckler           |    14 |    21 |    37 ||    72

Table legend: (Time is in decaauts)
 A = Elapsed time spent in this place.
 B = Non-inter-level travel time spent in this place.
 C = Inter-level travel time spent in this place.
 D = Time resting spent in this place.
 E = Time spent auto-exploring this place.
 F = Levels seen in this place.
 G = Mean time per level.
                   A        B        C        D        E       F      G
               +--------+--------+--------+--------+--------+-----+--------+
         Total |   5512 |   5283 |    229 |      0 |   4313 |   8 |  689.0 |
       Dungeon |   4895 |   4812 |     83 |      0 |   3916 |   6 |  815.8 |
        Temple |    370 |    224 |    146 |      0 |    213 |   1 |  370.0 |
         Sewer |    246 |    246 |      0 |      0 |    184 |   1 |  246.0 |
               +--------+--------+--------+--------+--------+-----+--------+

Top non-repeatable levels by time:
     D:4: 1254 daAuts
     D:5: 944 daAuts
     D:2: 762 daAuts
     D:6: 707 daAuts
     D:1: 666 daAuts
     D:3: 560 daAuts
  Temple: 370 daAuts
   Sewer: 246 daAuts
